AoeStats
← Kanyaga

Arabia

508443102Analyzed
1v1 RM · 10d ago on Sep 22, 2026· 38m 31s· 2 players
Game mode
Random Map
Map size
Tiny (2 player)
Population
200
Speed
Normal
Resources
Standard
Victory
Conquest
Starting age
Dark Age
Ending age
Imperial Age
RankedLock teamsTeams togetherTeam positionsShared explorationLock speedFull tech treeHidden civsTurbo modeCheats
Victory
Defeat
🇹🇷 Persians · Türkiye
1500
+17
1511
-17
Kanyaga
2:36 Loom
9:35 Feudal Age
10:02 Double-Bit Axe
9:58 Horse Collar
15:43 Wheelbarrow
19:54 Castle Age
17:47 Fletching
19:48 Bloodlines
20:21 Bodkin Arrow
20:42 Bow Saw
21:26 Padded Archer Armor
21:28 Husbandry
22:41 Ballistics
24:14 Leather Archer Armor
24:31 Gold Mining
26:54 Hand Cart
30:14 Scale Barding Armor
30:20 Forging
31:07 Thumb Ring
34:25 Parthian Tactics
34:22 Chain Barding Armor
38:30 Imperial Age
37:20 Town Watch
37:52 Light Cavalry
39:14 Conscription
39:29 Ring Archer Armor
39:34 Plate Barding Armor
39:36 Iron Casting
[CL] Guatona, Guatona qla fea
3:14 Loom
11:42 Feudal Age
11:43 Champi Runner
12:05 Horse Collar
12:11 Double-Bit Axe
15:22 Town Watch
17:03 Wheelbarrow
20:54 Castle Age
19:47 Scale Mail Armor
19:52 Gold Mining
21:17 Forging
20:55 Champi Warrior
21:39 Squires
22:02 Chain Mail Armor
22:50 Bow Saw
22:31 Arson
23:14 Heavy Plow
24:52 Iron Casting
29:33 Fletching
36:21 Bodkin Arrow
Connection lost

Rejoining the realm…

Still unreachable

The connection could not be restored.

Session expired

The server has moved on; the page needs a fresh start.